 Dungeon Crawl Stone Soup version 0.23.2-33-g5129a83184 (webtiles) character file.

Game seed: 17439100791023698365

725 Kold the Insei (level 7, -7/43 HPs)
             Began as an Octopode Transmuter on July 20, 2019.
             Mangled by an ice beast (13 damage)
             ... on level 5 of the Dungeon.
             The game lasted 00:07:53 (4751 turns).

Kold the Insei (Octopode Transmuter)                Turns: 4751, Time: 00:07:54

Health: -7/43      AC:  1    Str: 11    XL:     7   Next: 72%
Magic:  9/10       EV: 15    Int: 15    God:
Gold:   247        SH:  0    Dex: 13    Spells: 4/10 levels left

rFire    . . .     SeeInvis .     - Unarmed
rCold    . . .     Gourm    .   (no shield)
rNeg     . . .     Faith    .   (helmet restricted)
rPois    .         Spirit   .   (no amulet)
rElec    .         Reflect  .   p - ring of fire
rCorr    .         Harm     .   h - ring of ice
MR       .....                  (no ring)
Stlth    +++.......             (no ring)
HPRegen  0.14/turn              (no ring)
MPRegen  0.12/turn              (no ring)
                                (no ring)
                                (no ring)

@: appendage
A: almost no armour, stealthy swim, amphibious, 8 rings, constrict 8, tentacle
spike 3, camouflage 1, gelatinous body 1
a: End Transformation


You were on level 5 of the Dungeon.
You were not hungry.
One of your tentacles had a temporary spike.
You visited 1 branch of the dungeon, and saw 5 of its levels.

You collected 247 gold pieces.

Inventory:

Missiles
 a - 147 arrows
Jewellery
 h - a ring of ice (right tentacle)
 p - a ring of fire (left tentacle)
Wands
 r - a wand of flame (14)
 s - a wand of polymorph (4)
Scrolls
 f - a scroll of amnesia {unknown}
 g - a scroll of enchant armour {unknown}
 i - a scroll of random uselessness {unknown}
 m - 2 scrolls of teleportation {unknown}
 n - 3 scrolls of identify {unknown}
Potions
 b - a potion of curing
 d - a potion of might {unknown}
 e - a potion of degeneration {unknown}
 j - a potion of flight {unknown}
 k - a potion of brilliance {unknown}
 o - a potion of lignification {unknown}
 q - a potion of magic {unknown}
Comestibles
 c - 11 rations
 l - a chunk of flesh


   Skills:
 - Level 1.0 Fighting
 + Level 4.5 Dodging
 - Level 4.0 Stealth
 + Level 5.0 Unarmed Combat
 - Level 2.0 Spellcasting
 + Level 4.4 Transmutations
 - Level 3.0 Poison Magic


You had 4 spell levels left.
You knew the following spells:

 Your Spells              Type           Power        Failure   Level  Hunger
a - Beastly Appendage     Tmut           ##....       3%          1    #......
b - Sticks to Snakes      Tmut           ##......     5%          2    ###....
c - Spider Form           Tmut/Pois      ##........   14%         3    ###....

Your spell library contained the following spells:

 Spells                   Type           Power        Failure   Level  Hunger
 Ice Form                 Ice/Tmut       ##......     65%         4    #####..
 Blade Hands              Tmut           ##........   69%         5    ######.


Dungeon Overview and Level Annotations

Branches:
Dungeon (5/15)
 Temple: D:4-7

Altars:
Hepliaklqana
Makhleb
Sif Muna
Xom
Zin
The Shining One


Innate Abilities, Weirdness & Mutations

You cannot wear most types of armour.
You are very stealthy in the water. (Stealth+)
You are amphibious.
You can wear up to eight rings at the same time.
You can use your tentacles to constrict eight enemies at once.
Your skin changes colour to match your surroundings (Stealth+).
Your rubbery body absorbs attacks. (AC +1, EV +1)
One of your tentacles bears a large vicious spike.


Message History

There is a stone staircase leading up, spattered with blood here.
Casting: Sticks to Snakes (safe; 5% risk of failure)
Confirm with . or Enter, or press ? or * to list all spells.
One of your tentacles grows a vicious spike.
Your ball python closely misses the orc.
Your ball python grabs the orc.
Your ball python constricts the orc.
The orc hits your ball python.
The centaur shoots an arrow.
The arrow hits you! The arrow burns you.
Your ball python bites the orc but does no damage.
Your ball python constricts the orc.
The orc hits your ball python.
Your ball python dies!
You hear a shout!
The centaur shoots an arrow.
The arrow hits you!
* * * LOW HITPOINT WARNING * * *
The arrow burns you.
* * * LOW HITPOINT WARNING * * *
The ice beast hits you.
* * * LOW HITPOINT WARNING * * *
The ice beast freezes you!
You die...

#############
##.....#.....##
##.............##
#...............#
#...............#
#..............@#
#..............Y#
#...............#
##.........>....##
.............o.##
...........c.o.#
.(.............#
.(.............#
..............S#


You could see an ice beast, a centaur, an orc wizard and an orc.

Vanquished Creatures
  Duvessa (D:4)
  Dowan (D:4)
  A scorpion (D:5)
  A howler monkey (D:4)
  A hound (D:4)
  2 orc wizards (D:4)
  A centaur skeleton (D:4)
  Jessica (D:2)
  A bullfrog skeleton (D:5)
  Natasha (thrice) (D:4)
  4 worker ants (D:4)
  4 adders
  2 shadow imps
  An ooze (D:3)
  5 worms
  3 dart slugs
  2 leopard geckos
  An orc (D:4)
  11 bats
  5 giant cockroaches
  11 goblins
  10 hobgoblins
  3 jackals (D:1)
  3 kobolds
  A quokka (D:3)
  A ball python (D:4)
  4 frilled lizards
  A jackal zombie (D:5)
  7 rats
92 creatures vanquished.

Notes
Turn   | Place    | Note
-------+----------+-------------------------------------------
     0 | D:1      | Kold the Octopode Transmuter began the quest for the Orb.
     0 | D:1      | Reached XP level 1. HP: 13/13 MP: 3/3
   209 | D:1      | Reached skill level 1 in Stealth
   209 | D:1      | Reached XP level 2. HP: 15/18 MP: 3/5
   345 | D:1      | Reached XP level 3. HP: 18/23 MP: 6/6
  1301 | D:2      | Reached XP level 4. HP: 16/28 MP: 5/7
  1471 | D:2      | Noticed Jessica
  1480 | D:2      | Killed Jessica
  1868 | D:2      | Learned a level 2 spell: Sticks to Snakes
  1872 | D:2      | Learned a level 3 spell: Spider Form
  1911 | D:2      | Found a burning altar of Makhleb.
  2233 | D:3      | Reached XP level 5. HP: 21/33 MP: 6/8
  2367 | D:3      | Found a deep blue altar of Sif Muna.
  2373 | D:3      | Found a glowing golden altar of the Shining One.
  2517 | D:3      | Found a glowing silver altar of Zin.
  2623 | D:4      | Noticed Dowan
  2684 | D:4      | Reached skill level 1 in Poison Magic
  2820 | D:4      | Noticed Duvessa
  2842 | D:4      | Killed Duvessa
  2842 | D:4      | Reached skill level 4 in Unarmed Combat
  2842 | D:4      | Reached XP level 6. HP: 8/38 MP: 7/9
  2847 | D:4      | Killed Dowan
  3009 | D:4      | Found a hazy altar of Hepliaklqana.
  3012 | D:4      | Found a shimmering altar of Xom.
  3012 | D:4      | Noticed a tentacled monstrosity
  3013 | D:4      | Noticed a tentacled monstrosity
  3013 | D:4      | Noticed a spectral ugly thing
  3331 | D:4      | Reached XP level 7. HP: 24/43 MP: 8/10
  3712 | D:4      | Found a glowing golden altar of the Shining One.
  3721 | D:4      | Noticed Natasha
  3726 | D:4      | Killed Natasha
  3887 | D:4      | Noticed Natasha
  3895 | D:4      | Killed Natasha
  3950 | D:5      | Entered Level 5 of the Dungeon
  4176 | D:5      | Reached skill level 5 in Unarmed Combat
  4604 | D:4      | Noticed Natasha
  4612 | D:4      | Killed Natasha
  4751 | D:5      | Mangled by an ice beast

Skill      XL: |  1  2  3  4  5  6  7 |
---------------+----------------------+-----
Stealth        | 1 2 3 4 |  4.0
Dodging        | 3 4 |  4.5
Transmutations | 3 4 |  4.4
Poison Magic   | 1 2 3 |  3.0
Unarmed Combat | 4 5 |  5.0
Fighting       | |  1.0
Spellcasting   | |  2.0

Action                   |  1- 3 |  4- 6 |  7- 9 || total
-------------------------+-------+-------+-------++-------
Melee: Unarmed           |    80 |   108 |    47 ||   235
       Constrict         |    22 |    24 |    15 ||    61
       Kick              |    19 |    28 |    12 ||    59
       Tentacles         |    12 |    21 |     9 ||    42
       Punch             |     1 |     5 |     1 ||     7
 Cast: Beastly Appendage |    14 |    19 |    11 ||    44
       Sticks to Snakes  |       |       |     1 ||     1
  Use: Potion            |       |     4 |       ||     4
       Scroll            |       |     1 |     2 ||     3
 Stab: Sleeping          |     4 |     7 |     2 ||    13
       Distracted        |     2 |       |       ||     2
  Eat: Chunk             |     1 |     7 |     3 ||    11
       Ration            |       |       |     1 ||     1
Armor: Skin              |     6 |     3 |     2 ||    11
Dodge: Dodged            |    45 |    55 |    32 ||   132
